 Dungeon Sprint DCSS version 0.17-a0-1763-g847a857 (webtiles) character file.

442 kosy22 the Ducker (level 6, -5/71 HPs)
             Began as a Troll Fighter on Sept 5, 2015.
             Killed from afar by a ynoxinul (27 damage)
             ... with an iron shot
             ... summoned by a kobold demonologist
             ... in the Dungeon (Sprint I: "Red Sonja").
             The game lasted 00:02:02 (283 turns).

kosy22 the Ducker (Troll Fighter)                    Turns: 283, Time: 00:02:02

Health: -5/71      AC:  5    Str: 27    XL:     6   Next: 71%
Magic:  5/5        EV: 12    Int:  4    God:
Gold:   189        SH:  0    Dex:  9    Spells: 0 memorised, 5 levels left

rFire  . . .     SeeInvis .     c - +0 giant spiked club
rCold  . . .     Clarity  .     a - +0 robe
rNeg   . . .     SustAt   .     (no shield)
rPois  .         Gourm    +     (helmet restricted)
rElec  .         Spirit   .     (no cloak)
rCorr  .         Warding  .     (gloves unavailable)
rMut   .         NoTele   +     (boots unavailable)
MR     .....                    (no amulet)
Stlth  +.........               (no ring)
                                (no ring)

@: very slightly contaminated, hasted, very quick, not resistant to hostile
enchantments, very unstealthy
A: unfitting armour, claws 3, fast metabolism 3, gourmand, regeneration 2,
shaggy fur 1, tough skin 2
a: no special abilities


You were in the Dungeon.
You were completely stuffed.

You visited 1 branch You collected 189 gold pieces.

Inventory:

Hand weapons
 c - a +0 giant spiked club (weapon)
Armour
 a - a +0 robe (worn)
 b - a +0 shield
Magical devices
 i - a wand of frost (11)
Potions
 e - a potion of curing
 h - 2 potions of magic


   Skills:
 + Level 7.0 Fighting
 + Level 0.8 Maces & Flails
 + Level 7.7 Dodging
 + Level 6.4 Shields
 + Level 4.9 Unarmed Combat


You had 5 spell levels left.
You didn't know any spells.

Dungeon Overview and Level Annotations

Branches:
Dungeon (1/1)

Altars:
Cheibriados
Dithmenos
Fedhas
Sif Muna
Jiyva


Innate Abilities, Weirdness & Mutations

You are too large for most types of armour.
You have claws for hands.
Your metabolism is lightning-fast.
You like to eat raw meat.
You heal very quickly.
You are covered in fur (AC +1).
You have very tough skin (AC +2).


Message History

The blue devil hits you!
The ufetubus hits you but does no damage.
The ufetubus hits you.
You completely miss the blue devil.
The blue devil is heavily wounded.
The ufetubus hits you but does no damage. x2
The blue devil closely misses you.
The kobold demonologist casts a cantrip, but nothing happens.
The ufetubus hits you but does no damage.
The ufetubus closely misses you.
You puncture the blue devil!
The blue devil is almost dead.
The ufetubus barely misses you. The ufetubus hits you. The blue devil hits you!
The ynoxinul closely misses you.
Unknown command.
You bludgeon the blue devil!!
You kill the blue devil!
The ynoxinul gestures at you. The iron shot hits you!
You die...

##########################
#<.#..'..#..'.5#55#55§.55#
#..').#..)..#@.5553K5#K5.#
#..#####+#####3#5K####5.5+
#..# [#### #### #..# /#
#..# .+ #⌠⌠# _# #### +#


You could see 2 kobold demonologists, a smoke demon, a ynoxinul, an iron imp, 3
quasits, a shadow imp and 5 ufetubi.

Vanquished Creatures
  A slime creature (D)
  Sigmund (D)
  An ogre (D)
  Ijyb (D)
  A giant eyeball (D)
5 creatures vanquished.

Notes
Turn   | Place    | Note
--------------------------------------------------------------
     0 | D        | kosy22 the Troll Fighter began the quest for the Orb.
     0 | D        | Reached XP level 1. HP: 22/22 MP: 0/0
     2 | D        | Noticed Ijyb
    12 | D        | Killed Ijyb
    12 | D        | Reached skill level 3 in Fighting
    12 | D        | Reached XP level 2. HP: 28/31 MP: 1/1
    17 | D        | Noticed an ogre
    21 | D        | Killed an ogre
    21 | D        | Reached skill level 4 in Fighting
    21 | D        | Reached skill level 5 in Dodging
    21 | D        | Reached XP level 3. HP: 38/41 MP: 2/2
    21 | D        | Reached XP level 4. HP: 45/49 MP: 3/3
    32 | D        | Noticed Sigmund
    48 | D        | Killed Sigmund
    48 | D        | Reached skill level 6 in Fighting
    48 | D        | Reached skill level 5 in Shields
    48 | D        | Reached XP level 5. HP: 4/59 MP: 4/4
   144 | D        | Found a snail-covered altar of Cheibriados.
   144 | D        | Found a viscous altar of Jiyva.
   144 | D        | Found a shadowy altar of Dithmenos.
   144 | D        | Found a blossoming altar of Fedhas.
   144 | D        | Noticed a slime creature
   152 | D        | Killed a slime creature
   152 | D        | Reached skill level 7 in Fighting
   152 | D        | Reached XP level 6. HP: 29/71 MP: 5/5
   259 | D        | Noticed a kobold demonologist
   259 | D        | Paralysed by a giant eyeball for 3 turns
   265 | D        | Noticed a ynoxinul
   266 | D        | Noticed a kobold demonologist
   269 | D        | Noticed a blue devil
   277 | D        | Noticed a smoke demon
   279 | D        | Found a deep blue altar of Sif Muna.
   283 | D        | Killed a blue devil
   283 | D        | Killed from afar by a ynoxinul

Vault maps used:
D:        dungeon_sprint_1

Action                   |  1- 3 |  4- 6 || total
-------------------------+-------+-------++-------
Melee: Unarmed           |    11 |       ||    11
       Giant spiked club |       |    22 ||    22
  Use: Potion            |     1 |     4 ||     5
       Scroll            |       |     1 ||     1
  Eat: Bread ration      |       |     2 ||     2
